[Event "Monday 09 April, Rapid Engine Tour 13+2 Rds 7, starts 16.00 ST"]
[Site "Infinity Chess"]
[Date "2018.4.9"]
[Round "3"]
[White "Time_bandit"]
[Black "MarioDeMonti"]
[Result "1/2-1/2"]
[ECO "C65"]
[WhiteElo "2440"]
[BlackElo "2503"]
[WhiteEngine "asmFishW_2018-02-02_popcnt"]
[BlackEngine "stockfish_x64_bmi2_2018_02_18_CTG"]
[EventType "Swiss"]
[WhiteTeam ""]
[BlackTeam ""]
[PlyCount "257"]
[TimeControl "780+2"]

1. e4 e5 2. Nf3 Nc6 3. Bb5 Nf6 4. O-O Nxe4 5. d4 Nd6 6. Bxc6 dxc6 7. dxe5 Nf5 
8. Qxd8+ Kxd8 9. Nc3 Bd7 10. Rd1 Kc8 11. Ng5 Be8 12. Rd3 b6 13. a4 a5 14. b3 Kb7 
15. Bb2 h6 16. Nge4 Ne7 17. g3 Nd5 18. f3 Nb4 19. Rd2 Be7 20. Nd1 c5 21. c3 Nc6 
22. c4 Rd8 23. Rxd8 Bxd8 24. Ne3 Bd7 25. Kf2 Kc8 26. Rd1 Re8 27. Nd5 Be7 
28. f4 h5 29. Rd2 Bf5 30. Kf3 Bg4+ 31. Kf2 Bf5 32. Kf3 Bg4+ 33. Kf2 Bd7 
34. Ne3 g6 35. Nd5 Be6 36. h4 Rd8 37. Ke3 Rd7 38. Kf3 Bd8 39. Ke3 Ne7 
40. Nxe7+ Bxe7 41. Nf6 Rxd2 42. Kxd2 Bf5 43. Nd5 Kd7 44. Nf6+ Kc6 45. Nd5 Kd7 
46. Nf6+ Kc6 47. Bc3 Bb1 48. Nd5 Bd8 49. Nf6 Be7 50. Bb2 Bf8 51. Kc3 Bg7 
52. Nd5 Be4 53. Nf6 Bf5 54. Nd5 Bf8 55. Nf6 Bg7 56. Nd5 Bg4 57. Nf6 Bf3 
58. Kc2 Bg2 59. Bc3 Bh3 60. Kd2 Bf5 61. Nh7 Bh6 62. Nf6 Be6 63. Ke3 Kb7 
64. Ne8 Bf5 65. Kd2 Bd7 66. Nf6 Bf5 67. Ne8 Kc6 68. Nf6 Be6 69. Ke3 Kb7 
70. Ng8 Bg7 71. Ne7 Bg4 72. Kd2 Bf8 73. Nd5 Bf5 74. Nf6 Bg7 75. Ne8 Bf8 
76. Nf6 Bg7 77. Ng8 Bg4 78. Nf6 Be6 79. Ne8 Bf8 80. Ke3 Bh6 81. Nf6 Bf5 
82. Kd2 Kc6 83. Ne8 Bd7 84. Nf6 Bf5 85. Kc1 Bg7 86. Ne8 Bf8 87. Nf6 Be7 
88. Ba1 Bxf6 89. exf6 Be6 90. Be5 Bc8 91. Kb2 Bh3 92. Kc1 Bg2 93. Kc2 Kd7 
94. Kd3 Bf3 95. Kc2 Be4+ 96. Kd2 Kc6 97. Kc3 Kd7 98. Kd2 Kc6 99. Kc3 Bf3 
100. Kc2 Bg4 101. Kd2 Kb7 102. Kc3 Bd1 103. Kb2 Kc6 104. Kc3 Bg4 105. Kc2 Bd7 
106. Kd2 Be6 107. Kc3 Bg4 108. Kd2 Bf5 109. Kc3 Kd7 110. Kd2 Bg4 111. Kd3 Bf5+ 
112. Kd2 Be4 113. Bc3 Bf3 114. Be5 Kc6 115. Kc2 Kd7 116. Kd2 Bg2 117. Ke3 Bh3 
118. Kd3 Kd8 119. Kc2 Bf5+ 120. Kd2 Kc8 121. Kc3 Kd8 122. Kb2 Kd7 123. Kc3 Kc8 
124. Kd2 Bd7 125. Kc2 Bf5+ 126. Kc1 Bg4 127. Kd2 Kd7 128. Kc2 Kc6 129. Kd2 
1/2-1/2

[Event "Monday 09 April, Rapid Engine Tour 13+2 Rds 7, starts 16.00 ST"]
[Site "Infinity Chess"]
[Date "2018.4.9"]
[Round "3"]
[White "MCDermont"]
[Black "Susanne"]
[Result "1/2-1/2"]
[ECO "B30"]
[WhiteElo "2470"]
[BlackElo "2508"]
[WhiteEngine "BrainFish 090218"]
[BlackEngine "BrainFish_180408_x64_bmi2_CTG"]
[EventType "Swiss"]
[WhiteTeam ""]
[BlackTeam ""]
[PlyCount "131"]
[TimeControl "780+2"]

1. e4 c5 2. Nf3 Nc6 3. Nc3 g6 4. d4 cxd4 5. Nxd4 Bg7 6. Be3 Nf6 7. Bc4 O-O 
8. Bb3 d6 9. f3 Qa5 10. Qd2 Nxd4 11. Bxd4 Be6 12. O-O-O b5 13. Kb1 b4 
14. Nd5 Bxd5 15. exd5 Qb5 16. Qd3 Qxd3 17. Rxd3 Nd7 18. Bxg7 Kxg7 19. Re3 Kf6 
20. Rhe1 g5 21. Rxe7 Ne5 22. Rc7 Rfc8 23. Rb7 a5 24. Rb6 Rd8 25. Re4 Rab8 
26. Ra6 Ra8 27. Rxa8 Rxa8 28. c3 bxc3 29. bxc3 Nd3 30. Re3 Nc5 31. Kc1 Rb8 
32. Bd1 Rc8 33. Kd2 Nd7 34. Rd3 Nc5 35. Re3 Nd7 36. Re4 Nc5 37. Re2 Rb8 
38. Kc2 h5 39. g3 h4 40. gxh4 gxh4 41. Rg2 Ke5 42. Rg7 Kxd5 43. Rg4 h3 
44. Be2 Kc6 45. Rd4 Rd8 46. a4 d5 47. Bf1 Rg8 48. Bb5+ Kd6 49. c4 Rg5 
50. Rxd5+ Rxd5 51. cxd5 Kxd5 52. Kc3 f6 53. Bc4+ Ke5 54. Bf1 f5 55. Bxh3 Nxa4+ 
56. Kc4 Nb2+ 57. Kb3 Nd3 58. Ka4 Nb4 59. Bf1 Kf4 60. Kxa5 Nc6+ 61. Kb6 Nd4 
62. h3 Nxf3 63. Kb7 Ke3 64. Kc7 f4 65. Kb6 Nh4 66. Kc7 1/2-1/2

[Event "Monday 09 April, Rapid Engine Tour 13+2 Rds 7, starts 16.00 ST"]
[Site "Infinity Chess"]
[Date "2018.4.9"]
[Round "3"]
[White "THE_MACHINE"]
[Black "Katzenmaier"]
[Result "1-0"]
[ECO "C50"]
[WhiteElo "2561"]
[BlackElo "2504"]
[WhiteEngine "BrainFish_180408_x64_bmi2"]
[BlackEngine "Raubfisch X36b"]
[EventType "Swiss"]
[WhiteTeam ""]
[BlackTeam ""]
[PlyCount "127"]
[TimeControl "780+2"]

1. e4 e5 2. Nf3 Nc6 3. Bc4 Bc5 4. O-O Nf6 5. d3 d6 6. c3 a5 7. Nbd2 h6 
8. Re1 O-O 9. Nf1 Be6 10. Bb5 Ne7 11. d4 Bb6 12. h3 exd4 13. Nxd4 Ng6 14. Ng3 c6 
15. Bd3 Bd7 16. Bc2 Re8 17. f4 a4 18. a3 Nh4 19. Be3 c5 20. Nf3 Nxf3+ 
21. Qxf3 Bc6 22. Rad1 Qd7 23. Bf2 Qe6 24. Re2 Bc7 25. Qd3 g6 26. c4 Qe7 
27. Be1 Rab8 28. Qf3 b5 29. Bd2 bxc4 30. Bc3 Ra8 31. Qf2 Ra6 32. Rde1 Bd8 
33. e5 dxe5 34. Rxe5 Qf8 35. Rxe8 Bxe8 36. f5 g5 37. h4 Ba5 38. hxg5 Bxc3 
39. bxc3 hxg5 40. Qd2 Bc6 41. Qxg5+ Qg7 42. Qh4 Ra8 43. Re5 Re8 44. Rxc5 Bd5 
45. Rb5 Qh8 46. Qf4 Qg7 47. Rb8 Rxb8 48. Qxb8+ Kh7 49. Qf4 Bc6 50. Kf1 Qg4 
51. Qxg4 Nxg4 52. Be4 Bxe4 53. Nxe4 Ne3+ 54. Ke2 Nxf5 55. g4 Ne7 56. Ke3 Nc6 
57. Nd6 Kg6 58. Ke4 Kf6 59. Nxc4 Na7 60. Nd6 Ke6 61. Nf5 Nc8 62. c4 Nb6 
63. Kd4 Nd7 64. c5 1-0

[Event "Monday 09 April, Rapid Engine Tour 13+2 Rds 7, starts 16.00 ST"]
[Site "Infinity Chess"]
[Date "2018.4.9"]
[Round "2"]
[White "OlivierEvan"]
[Black "Thinker"]
[Result "1/2-1/2"]
[ECO "A06"]
[WhiteElo "2380"]
[BlackElo "2450"]
[WhiteEngine "Houdini 6"]
[BlackEngine "BrainFish_180404_x64_modern_CTG"]
[EventType "Swiss"]
[WhiteTeam ""]
[BlackTeam ""]
[PlyCount "179"]
[TimeControl "780+2"]

1. Nf3 d5 2. d4 Nf6 3. c4 e6 4. Bg5 Bb4+ 5. Nc3 Nbd7 6. e3 c5 7. cxd5 exd5 
8. Be2 Qa5 9. O-O O-O 10. Nd2 Bxc3 11. bxc3 Qxc3 12. Rc1 Qb4 13. dxc5 Nxc5 
14. Bxf6 gxf6 15. Rb1 Qh4 16. Nf3 Qh5 17. Rb4 Ne4 18. Ne1 Qg5 19. Nd3 b6 
20. h4 Qg7 21. Rd4 Be6 22. Bf3 f5 23. Nf4 Rad8 24. Qa4 Rd7 25. Rc1 Rfd8 
26. g3 h6 27. Kg2 Kh7 28. Rc6 Qf6 29. Qb5 Rd6 30. Rc1 Nc5 31. Qb1 Qe5 32. a4 a5 
33. Qa2 Kg7 34. Rc2 Bc8 35. Qa3 Ne6 36. Nxe6+ Bxe6 37. Qc1 Bd7 38. Kh2 Be6 
39. Qd1 Rb8 40. Qd3 Kh7 41. Rc7 Kg7 42. Qc3 Rdd8 43. Qb2 Rd6 44. Kg2 Rc8 
45. Rxc8 Bxc8 46. Qc3 Bd7 47. Qa3 Qf6 48. Qa2 Qe7 49. Qe2 Qd8 50. Qd2 Qf6 
51. Qd3 Qe5 52. Qd1 Be6 53. Kh2 Rd8 54. Bh1 Qc7 55. Bg2 Qc3 56. Bf3 Qb2 
57. Rd2 Qa3 58. Rd3 Qb2 59. Rd2 Qa3 60. Rd4 Qa2 61. Kg2 Qa3 62. Qb1 Rd6 
63. h5 Rc6 64. Bxd5 Bxd5+ 65. Rxd5 Rd6 66. Rd1 Qc5 67. Rc1 Qe5 68. Kg1 f4 
69. exf4 Qxh5 70. Qb2+ Kh7 71. Qc2+ Kg7 72. Qc3+ Kh7 73. Qc2+ Kg7 74. Qb1 Qd5 
75. Qb2+ Kh7 76. Qe5 Kg6 77. Kh2 Qxe5 78. fxe5 Rd2 79. Kg2 Kf5 80. Rb1 Ra2 
81. Rxb6 Rxa4 82. Rxh6 Kxe5 83. f4+ Ke4 84. Rf6 Ra2+ 85. Kh3 Kf3 86. Rxf7 Ra1 
87. Kh4 Rh1+ 88. Kg5 Rg1 89. Kf6 Rxg3 90. f5 1/2-1/2

[Event "Monday 09 April, Rapid Engine Tour 13+2 Rds 7, starts 16.00 ST"]
[Site "Infinity Chess"]
[Date "2018.4.9"]
[Round "2"]
[White "TasicV"]
[Black "Murx"]
[Result "1/2-1/2"]
[ECO "C42"]
[WhiteElo "2376"]
[BlackElo "2484"]
[WhiteEngine "SugaR.XPrO.1.4.64.POCNT_CTG"]
[BlackEngine "asmFishW_2018-04-07_popcnt"]
[EventType "Swiss"]
[WhiteTeam ""]
[BlackTeam ""]
[PlyCount "169"]
[TimeControl "780+2"]

1. e4 e5 2. Nf3 Nf6 3. Nxe5 d6 4. Nf3 Nxe4 5. d4 d5 6. Bd3 Nc6 7. O-O Be7 
8. c4 Nf6 9. Nc3 O-O 10. Re1 Be6 11. c5 Bg4 12. Be2 Ne4 13. Be3 Bf6 14. h3 Bh5 
15. Qa4 Re8 16. Rad1 Rb8 17. Kh2 h6 18. Nxe4 Rxe4 19. g4 Bg6 20. Bd3 Re8 
21. Bxg6 fxg6 22. Bf4 Qd7 23. Rxe8+ Rxe8 24. Kg2 Qf7 25. Qb3 Nd8 26. Ne5 Bxe5 
27. Bxe5 g5 28. Rd3 Qd7 29. Re3 Re7 30. Qb4 Rf7 31. Bg3 b6 32. Qc3 Nc6 33. a3 b5 
34. Qd3 a6 35. f3 Rf8 36. b3 Qf7 37. Re1 a5 38. Re3 Rb8 39. Re2 Rf8 40. Re1 Nd8 
41. Re5 Qd7 42. h4 gxh4 43. Bxh4 Ne6 44. Bg3 Ng5 45. Re3 Ne6 46. Re5 Ng5 
47. Rf5 Re8 48. Bf4 Nf7 49. Be5 a4 50. b4 Ng5 51. Kf2 Re6 52. Kf1 Qe8 53. Kg2 c6 
54. f4 Ne4 55. Rh5 Qg6 56. Rh4 Rf6 57. Kf3 Rf8 58. Ke2 Re8 59. Kf3 Rf8 
60. Ke2 Qf7 61. Qe3 Re8 62. Kd1 Qg6 63. f5 Qg5 64. Qxg5 hxg5 65. Rh5 Nf2+ 
66. Kc2 Nxg4 67. Rxg5 Nxe5 68. dxe5 Rxe5 69. Rg6 Rxf5 70. Rxc6 Kf7 71. Rc7+ Kf6 
72. Rb7 Ke5 73. Rxb5 Rf2+ 74. Kc1 g5 75. Rb8 g4 76. Rg8 d4 77. b5 Rf3 
78. Rxg4 Rxa3 79. Rg8 Rb3 80. c6 a3 81. Kd2 a2 82. Ra8 Rxb5 83. c7 Rc5 
84. c8=Q Rxc8 85. Rxa2 1/2-1/2

[Event "Monday 09 April, Rapid Engine Tour 13+2 Rds 7, starts 16.00 ST"]
[Site "Infinity Chess"]
[Date "2018.4.9"]
[Round "2"]
[White "Vimtiroba"]
[Black "SkyPilot"]
[Result "1/2-1/2"]
[ECO "E90"]
[WhiteElo "2386"]
[BlackElo "2450"]
[WhiteEngine "SF9 ''A6''_CTG"]
[BlackEngine "stockfish_x64_bmi2_2018_04_07_CTG"]
[EventType "Swiss"]
[WhiteTeam ""]
[BlackTeam ""]
[PlyCount "186"]
[TimeControl "780+2"]

1. d4 Nf6 2. c4 g6 3. Nc3 Bg7 4. e4 d6 5. Nf3 O-O 6. Be2 e5 7. O-O Nc6 8. d5 Ne7 
9. Ne1 Nd7 10. Nd3 f5 11. Bd2 Nf6 12. f3 f4 13. b4 g5 14. Be1 Kh8 15. Rc1 c6 
16. Bf2 Ng6 17. Nb2 cxd5 18. cxd5 Rg8 19. Nc4 Bf8 20. Kh1 Bd7 21. Na5 Qb8 
22. a4 Be7 23. Bb5 Bc8 24. Bd3 g4 25. Nb5 gxf3 26. gxf3 Bh3 27. Rg1 Ne8 
28. Na3 Ng7 29. Nb5 Ne8 30. Na3 Ng7 31. N3c4 Nh5 32. Bf1 Bd7 33. b5 Bh4 
34. Qe1 Bxf2 35. Qxf2 b6 36. Rg5 Ng3+ 37. hxg3 fxg3 38. Rxg3 bxa5 39. Qh2 Qf8 
40. Rc2 Nf4 41. Rxg8+ Kxg8 42. Qg3+ Kh8 43. Rh2 Rc8 44. Qh4 h5 45. Qg5 Qg7 
46. Qxg7+ Kxg7 47. Rc2 h4 48. Kh2 Kf6 49. Rf2 Ke7 50. Nxa5 Rc1 51. Nc6+ Bxc6 
52. bxc6 Kd8 53. a5 Ra1 54. Bc4 Rb1 55. Ba6 Kc7 56. Rc2 Rb3 57. Bc4 Rb1 
58. Rd2 Rb8 59. Bf1 Rb3 60. Rf2 Rb8 61. Ba6 Rb1 62. Bf1 Rb4 63. Ra2 Rb1 
64. Rf2 Rb8 65. Ra2 Rb4 66. Bg2 Rb1 67. Bh3 Rb5 68. Bg4 Rb1 69. Bf5 Rb4 
70. Bd7 Rb8 71. Rf2 Rb4 72. Rd2 Rb3 73. Ra2 Rb4 74. Be6 Rb3 75. Rd2 Rb5 
76. Rc2 Rb1 77. Bg4 Rb4 78. a6 Rb8 79. Bh3 Rb4 80. Bg4 Rb5 81. Bh3 Rb3 
82. Rf2 Kb6 83. Bf1 Rb1 84. Bc4 Kc7 85. Rd2 Rb8 86. Bf1 Rb1 87. Rf2 Ra1 
88. Bc4 Kc8 89. Rb2 Rc1 90. Bb5 Ra1 91. Bc4 Rc1 92. Bb5 Re1 93. Bc4 Rc1 1/2-1/2

[Event "Monday 09 April, Rapid Engine Tour 13+2 Rds 7, starts 16.00 ST"]
[Site "Infinity Chess"]
[Date "2018.4.9"]
[Round "2"]
[White "koalachess"]
[Black "Dovahkiin"]
[Result "1/2-1/2"]
[ECO "C53"]
[WhiteElo "2293"]
[BlackElo "2391"]
[WhiteEngine "stockfish_9_x64_popcnt_CTG"]
[BlackEngine "Raubfisch ME262_GTZ16f_CTG"]
[EventType "Swiss"]
[WhiteTeam ""]
[BlackTeam ""]
[PlyCount "120"]
[TimeControl "780+2"]

1. e4 e5 2. Nf3 Nc6 3. Bc4 Bc5 4. c3 Nf6 5. d4 exd4 6. cxd4 Bb4+ 7. Bd2 Bxd2+ 
8. Nbxd2 d5 9. exd5 Nxd5 10. O-O O-O 11. Rc1 Nb6 12. Bb3 Bf5 13. Nc4 Nxc4 
14. Bxc4 Bg4 15. d5 Ne5 16. Be2 Nxf3+ 17. Bxf3 Bxf3 18. Qxf3 Re8 19. Rfd1 h6 
20. Qb3 Rb8 21. g3 a6 22. Kg2 Re2 23. Rd3 Qd7 24. h4 Qf5 25. Rf3 Qd7 26. a4 Re7 
27. Rc5 Qd6 28. Rc2 Rd7 29. Re3 Re7 30. Rec3 Kh7 31. Rf3 Kg8 32. Rf5 Re1 
33. Qc3 Re7 34. Qb3 Re1 35. Rf4 Qe7 36. Qc3 Rd8 37. Qxc7 Rxd5 38. Rc1 Re2 
39. b4 h5 40. a5 g6 41. Rc2 Re1 42. Qb8+ Rd8 43. Rc8 Rxc8 44. Qxc8+ Kh7 
45. Qc2 Re6 46. Qb2 Re4 47. Rxe4 Qxe4+ 48. f3 Qe3 49. Qf2 Qc3 50. Qb6 Qd2+ 
51. Kh3 Qd1 52. Kg2 Qd5 53. Qf6 Qa2+ 54. Kg1 Qc4 55. Kg2 Qe2+ 56. Kh3 Qf1+ 
57. Kh2 Qf2+ 58. Kh3 Qf1+ 59. Kh2 Qf2+ 60. Kh3 Qf1+ 1/2-1/2

[Event "Monday 09 April, Rapid Engine Tour 13+2 Rds 7, starts 16.00 ST"]
[Site "Infinity Chess"]
[Date "2018.4.9"]
[Round "2"]
[White "star99"]
[Black "RonWeasley"]
[Result "0-1"]
[ECO "E10"]
[WhiteElo "2448"]
[BlackElo "2431"]
[WhiteEngine "Cryptic Heroes 9.3B"]
[BlackEngine "BrainFish 090218_CTG"]
[EventType "Swiss"]
[WhiteTeam ""]
[BlackTeam ""]
[PlyCount "238"]
[TimeControl "780+2"]

1. d4 Nf6 2. c4 e6 3. Nf3 d5 4. Nc3 c6 5. Bg5 h6 6. Bh4 dxc4 7. Bxf6 gxf6 
8. g3 b5 9. e3 Bb7 10. Bg2 Nd7 11. O-O a6 12. a4 h5 13. Ne2 Qb6 14. e4 Be7 
15. Qb1 Nf8 16. b3 cxb3 17. Qxb3 Ng6 18. Nd2 h4 19. Nc4 Qc7 20. axb5 axb5 
21. Rxa8+ Bxa8 22. Ne3 h3 23. Bh1 O-O 24. d5 Qd6 25. Nd4 Rd8 26. Qd1 cxd5 
27. exd5 Qb6 28. Nb3 Kg7 29. Qh5 Rh8 30. Qe2 Ne5 31. Rd1 Bb7 32. Ng4 Nc4 
33. Ne3 Ne5 34. Ng4 Ng6 35. Bf3 b4 36. Qb2 Rd8 37. Qc1 Kg8 38. Nh6+ Kf8 
39. Ng4 Ke8 40. Qh6 Bxd5 41. Bxd5 Rxd5 42. Rxd5 Qc6 43. Ne3 exd5 44. Qxh3 Qc3 
45. Nd4 b3 46. Nxb3 Qxb3 47. Qc8+ Bd8 48. Qc6+ Kf8 49. Qxd5 Qxd5 50. Nxd5 f5 
51. Kg2 Ne7 52. Nf4 Kg7 53. Nd3 Nd5 54. h3 Ba5 55. f4 Kg6 56. Ne5+ Kf6 
57. Kf3 Bc3 58. Nc4 Ke7 59. Ke2 Bb4 60. Ne5 Bc3 61. Nf3 Kf6 62. Nh4 Ba5 
63. Kf3 Ne7 64. Ke2 Nd5 65. Kf1 Bd2 66. Nf3 Bc3 67. Ng5 Nb4 68. Nf3 Nc2 
69. Kf2 Nd4 70. Nh2 Nb3 71. Kf1 Nd2+ 72. Ke2 Ba5 73. Ke3 Bc3 74. Kd3 Ne4 
75. Nf1 Be1 76. g4 Bf2 77. Ke2 Bb6 78. gxf5 Kxf5 79. Kf3 Bf2 80. h4 Bb6 
81. h5 Bc5 82. h6 Nf6 83. h7 Nxh7 84. Ng3+ Kg6 85. Ne4 Be7 86. Nd2 Bd6 
87. Kg4 Nf6+ 88. Kf3 Kf5 89. Nb3 Bxf4 90. Na1 Nd5 91. Nc2 f6 92. Nd4+ Ke5 
93. Nc6+ Kd6 94. Nd8 f5 95. Nb7+ Ke7 96. Nc5 Bd6 97. Nb3 f4 98. Ke4 Nf6+ 
99. Kf3 Nh7 100. Ke4 Kf6 101. Nd2 Ng5+ 102. Kd3 Kf5 103. Nc4 Bb4 104. Kd4 f3 
105. Ne3+ Kf4 106. Nd5+ Kg3 107. Ne3 f2 108. Ke5 Bc5 109. Nf5+ Kg4 110. Nh6+ Kf3 
111. Kd5 Be3 112. Nf5 f1=Q 113. Kd6 Qa6+ 114. Kd7 Qb5+ 115. Kc8 Qxf5+ 
116. Kc7 Qd5 117. Kc8 Qf7 118. Kd8 Bb6+ 119. Kc8 Qc7# 0-1

[Event "Monday 09 April, Rapid Engine Tour 13+2 Rds 7, starts 16.00 ST"]
[Site "Infinity Chess"]
[Date "2018.4.9"]
[Round "2"]
[White "MCDermont"]
[Black "Time_bandit"]
[Result "1/2-1/2"]
[ECO "C55"]
[WhiteElo "2471"]
[BlackElo "2439"]
[WhiteEngine "BrainFish 090218"]
[BlackEngine "asmFishW_2018-02-02_popcnt"]
[EventType "Swiss"]
[WhiteTeam ""]
[BlackTeam ""]
[PlyCount "123"]
[TimeControl "780+2"]

1. e4 e5 2. Nf3 Nc6 3. Bc4 Nf6 4. d3 Bc5 5. c3 d6 6. O-O a5 7. Nbd2 O-O 
8. Re1 h6 9. Nf1 a4 10. h3 Ra5 11. Ng3 Bb6 12. Rb1 Be6 13. Bxe6 fxe6 
14. Be3 Bxe3 15. Rxe3 Nh7 16. Qe2 Rf7 17. Rd1 Nf8 18. d4 Ng6 19. Qd2 Ra8 
20. Ne2 Na5 21. Qd3 Qe8 22. Nh2 Rf8 23. Rg3 Nf4 24. Nxf4 exf4 25. Rg4 Nc6 
26. Nf3 Qf7 27. Kh2 Kh8 28. Qb5 Qe8 29. Qc4 Qf7 30. Qb5 Qe8 31. Kh1 a3 
32. b4 Ne7 33. Qc4 Qd7 34. Qe2 g5 35. c4 Rg8 36. e5 d5 37. h4 Ng6 38. cxd5 Qxd5 
39. Rc1 c6 40. Rc3 Qb5 41. Qc2 Rg7 42. Rb3 Rf8 43. Kg1 Kg8 44. g3 Qd5 
45. Kg2 Rf5 46. h5 Ne7 47. gxf4 Rxf4 48. Rxf4 gxf4+ 49. Kf1 Nf5 50. Qd3 Ne3+ 
51. Ke2 Nc4 52. Nd2 Nb2 53. Qe4 Qb5+ 54. Kf3 Kf8 55. Rxa3 Qxb4 56. Ra8+ Ke7 
57. Ke2 f3+ 58. Nxf3 Qc4+ 59. Kd2 Qb4+ 60. Ke2 Qc4+ 61. Kd2 Qb4+ 62. Ke2 1/2-1/2

[Event "Monday 09 April, Rapid Engine Tour 13+2 Rds 7, starts 16.00 ST"]
[Site "Infinity Chess"]
[Date "2018.4.9"]
[Round "2"]
[White "Susanne"]
[Black "MarioDeMonti"]
[Result "1/2-1/2"]
[ECO "C53"]
[WhiteElo "2508"]
[BlackElo "2503"]
[WhiteEngine "stockfish_jvv03_x64_bmi2_CTG"]
[BlackEngine "stockfish_x64_bmi2_2018_02_18_CTG"]
[EventType "Swiss"]
[WhiteTeam ""]
[BlackTeam ""]
[PlyCount "210"]
[TimeControl "780+2"]

1. e4 e5 2. Nf3 Nc6 3. Bc4 Bc5 4. c3 Nf6 5. d3 d6 6. O-O O-O 7. Re1 Bb6 8. h3 h6 
9. a4 a5 10. Nbd2 Nh5 11. Nf1 Be6 12. b3 Qf6 13. Ra2 Rad8 14. Ng5 Qg6 
15. Nxe6 fxe6 16. Qg4 Rf6 17. Qxg6 Rxg6 18. Rc2 Kh7 19. Nh2 Rf8 20. Ng4 Nf4 
21. Kh2 h5 22. Ne3 Rgf6 23. Rd1 Ne7 24. d4 exd4 25. cxd4 Nc6 26. Rcd2 Nb4 
27. e5 dxe5 28. dxe5 R6f7 29. Nc2 Nxc2 30. Rxc2 c6 31. f3 Nd5 32. h4 g6 
33. Kh3 Rd7 34. Kg3 Bd8 35. Rc3 Rg7 36. Bxd5 cxd5 37. Bg5 Rc7 38. Rdd3 Rxc3 
39. Rxc3 Bb6 40. Bf6 Kg8 41. Kf4 Kf7 42. g3 Ra8 43. Rc2 Re8 44. Bg5 Rg8 
45. Bf6 Rf8 46. g4 Rg8 47. Kg5 hxg4 48. Kxg4 Ke8 49. Rc8+ Kf7 50. Rc2 Ke8 
51. Rc8+ Kf7 52. Rc1 Ra8 53. Rc2 Re8 54. f4 Ra8 55. Kf3 Rg8 56. Kg4 Ra8 
57. Bg5 Rf8 58. Kf3 Re8 59. Bf6 Rg8 60. Rc3 Re8 61. Kg4 Rg8 62. Kg5 Rf8 
63. Rc2 Rg8 64. Rc3 Rf8 65. Kg4 Re8 66. Kf3 Rg8 67. Rc1 Ra8 68. Bg5 Rh8 
69. Bf6 Rf8 70. Kg4 Rg8 71. Bg5 Ra8 72. Rc2 Rg8 73. Rc1 Rh8 74. Kf3 Rg8 
75. Kg3 Re8 76. Rc2 Rg8 77. Kg4 Rh8 78. Rc1 Rg8 79. Rc3 Rf8 80. Rc2 Rb8 
81. Rc1 Rh8 82. Kg3 Rg8 83. Bf6 Rf8 84. Kg4 Rg8 85. Kg5 Rf8 86. Kh6 d4 
87. Kg5 Bd8 88. Bxd8 Rxd8 89. Rc7+ Ke8 90. Kf6 d3 91. Kxe6 Kf8 92. Rc1 d2 
93. Rd1 Rd4 94. f5 gxf5 95. Kxf5 Ke7 96. h5 Rh4 97. Rxd2 Rxh5+ 98. Ke4 Rh4+ 
99. Kd5 Rb4 100. Rd3 b5 101. axb5 Rxb5+ 102. Kc6 Rxe5 103. Kb6 Ke6 104. Rc3 Rd5 
105. Rh3 Kd6 1/2-1/2

[Event "Monday 09 April, Rapid Engine Tour 13+2 Rds 7, starts 16.00 ST"]
[Site "Infinity Chess"]
[Date "2018.4.9"]
[Round "2"]
[White "angriff"]
[Black "THE_MACHINE"]
[Result "0-1 "]
[ECO "A06"]
[WhiteElo "2380"]
[BlackElo "2552"]
[WhiteEngine "DracoREX 3.07 64BIT POPCNT_CTG"]
[BlackEngine "BrainFish_180408_x64_bmi2"]
[EventType "Swiss"]
[WhiteTeam ""]
[BlackTeam ""]
[PlyCount "158"]
[TimeControl "780+2"]

1. Nf3 d5 2. d4 Nf6 3. c4 e6 4. Nc3 dxc4 5. e4 Bb4 6. Bg5 c5 7. Bxc4 cxd4 
8. Nxd4 Bxc3+ 9. bxc3 Qa5 10. Bxf6 Qxc3+ 11. Kf1 gxf6 12. Rc1 Qa5 13. g3 Bd7 
14. Kg2 O-O 15. Qf3 Nc6 16. Qxf6 Qd8 17. Qxd8 Rfxd8 18. Nb3 Be8 19. Rhd1 Rxd1 
20. Rxd1 Nb4 21. Rd2 Rc8 22. Be2 a6 23. Rb2 Nc2 24. Na5 b5 25. Nc4 Ne1+ 
26. Kf1 Nf3 27. Kg2 Ne1+ 28. Kf1 Nf3 29. Kg2 Nh4+ 30. gxh4 bxc4 31. Rc2 Bb5 
32. Kf3 e5 33. Ke3 Kf8 34. Rc1 Ke7 35. Bg4 Rc6 36. Bd1 a5 37. Rb1 Ba6 38. a3 Rh6 
39. Be2 Rd6 40. h5 h6 41. Rc1 Rc6 42. Kd2 c3+ 43. Ke3 Bc8 44. Bb5 Rc7 
45. Kd3 Bg4 46. Ba4 Kf6 47. f3 Bxh5 48. Rg1 Ke7 49. Rg3 Bg6 50. Rg1 Rc5 
51. Kc2 Kf8 52. Rg3 Bh7 53. Rh3 Kg7 54. Rg3+ Kh8 55. Kc1 Rc7 56. Rg2 Rb7 
57. Rc2 Rc7 58. Rg2 Bg6 59. Kc2 Kh7 60. Be8 Rc8 61. Bd7 Rd8 62. Bb5 Bh5 
63. Rf2 Kg6 64. Rg2+ Kh7 65. Rf2 Rc8 66. Ba4 Rc7 67. f4 Rc4 68. Bb5 Rc5 
69. Bd3 exf4 70. Rxf4 Kg7 71. Rf2 Kg6 72. a4 Kg5 73. e5 Rxe5 74. Kxc3 Bg6 
75. Kd4 Re1 76. Rg2+ Kf6 77. Bb5 Rc1 78. h4 Rc2 79. Rg3 h5 0-1

[Event "Monday 09 April, Rapid Engine Tour 13+2 Rds 7, starts 16.00 ST"]
[Site "Infinity Chess"]
[Date "2018.4.9"]
[Round "2"]
[White "Katzenmaier"]
[Black "CrapCleaner"]
[Result "1/2-1/2"]
[ECO "A22"]
[WhiteElo "2504"]
[BlackElo "2492"]
[WhiteEngine "Raubfisch X36b"]
[BlackEngine "komodo-11.3.1-64bit-BMI2_CTG"]
[EventType "Swiss"]
[WhiteTeam ""]
[BlackTeam ""]
[PlyCount "139"]
[TimeControl "780+2"]

1. c4 e5 2. Nc3 Nf6 3. Nf3 Nc6 4. e4 Bb4 5. d3 O-O 6. a3 Bxc3+ 7. bxc3 d6 
8. g3 Na5 9. Bg2 h6 10. O-O c6 11. Ne1 Bg4 12. f3 Bd7 13. f4 b5 14. cxb5 cxb5 
15. Rb1 Rc8 16. Bd2 Re8 17. Nc2 Nb7 18. Ne3 Nc5 19. Qe2 a6 20. Rf2 Na4 
21. fxe5 dxe5 22. c4 bxc4 23. dxc4 Nc5 24. Nd5 Nxd5 25. cxd5 Rb8 26. Rb4 Qe7 
27. Bf1 Qd6 28. Qf3 Qg6 29. Rc4 Rec8 30. Bb4 Nb7 31. Rxc8+ Rxc8 32. Qe3 a5 
33. Qa7 axb4 34. Qxb7 Qd6 35. Qxb4 Qc7 36. h3 Rb8 37. Qe7 f6 38. Kh2 Rb1 
39. g4 Qa7 40. Rf3 Rc1 41. Qb4 Ba4 42. Kg2 Rc2+ 43. Kh1 Kh7 44. Bg2 Ra2 
45. Qb1 Rd2 46. Qg1 Qc7 47. Rf2 Rd3 48. Kh2 Rxa3 49. Rf3 Rxf3 50. Bxf3 Qc2+ 
51. Qg2 Qc1 52. Qf2 Qf4+ 53. Kg2 Bb5 54. d6 Kg6 55. h4 Kh7 56. Qe1 Bd7 
57. h5 Bxg4 58. Bxg4 Qxg4+ 59. Qg3 Qxe4+ 60. Qf3 Qe1 61. Qf5+ Kg8 62. Qd3 e4 
63. Qd5+ Kh8 64. d7 Qe2+ 65. Kh3 Qf3+ 66. Kh4 Qh1+ 67. Kg3 Qf3+ 68. Kh4 Qh1+ 
69. Kg3 Qf3+ 70. Kh4 1/2-1/2

[Event "Monday 09 April, Rapid Engine Tour 13+2 Rds 7, starts 16.00 ST"]
[Site "Infinity Chess"]
[Date "2018.4.9"]
[Round "1"]
[White "koalachess"]
[Black "Time_bandit"]
[Result "1/2-1/2 "]
[ECO "C58"]
[WhiteElo "2287"]
[BlackElo "2445"]
[WhiteEngine "stockfish_9_x64_popcnt_CTG"]
[BlackEngine "asmFishW_2018-02-02_popcnt"]
[EventType "Swiss"]
[WhiteTeam ""]
[BlackTeam ""]
[PlyCount "135"]
[TimeControl "780+2"]

1. e4 e5 2. Nf3 Nc6 3. Bc4 Nf6 4. Ng5 d5 5. exd5 Na5 6. Bb5+ c6 7. dxc6 bxc6 
8. Qf3 Be7 9. Bd3 O-O 10. Nc3 h6 11. Nge4 Nd5 12. Ng3 Nb4 13. Nf5 Bg5 
14. h4 Nxd3+ 15. cxd3 Be7 16. b3 Bxf5 17. Qxf5 c5 18. Bb2 Nc6 19. Kf1 Nd4 
20. Qe4 Re8 21. Rh3 Bf8 22. Re1 Qa5 23. Kg1 Rad8 24. Rc1 f5 25. Qe1 Ne6 
26. Qxe5 Ng5 27. Qxf5 Nxh3+ 28. Qxh3 Qa6 29. Ne4 Qxa2 30. Bc3 Qxb3 31. Qg4 Kh8 
32. Nf6 Re6 33. Nh5 Re7 34. Ra1 Qf7 35. Nf4 Ree8 36. Ng6+ Kg8 37. Ne5 Qe6 
38. Qxe6+ Rxe6 39. Rxa7 Be7 40. h5 Bf6 41. f4 Bxe5 42. Bxe5 g5 43. hxg6 Rxg6 
44. d4 h5 45. Kf2 h4 46. dxc5 Rxd2+ 47. Kf3 Rdxg2 48. Ra8+ Kf7 49. f5 R6g5 
50. c6 Rc2 51. Kf4 Rgg2 52. Ra7+ Kg8 53. c7 Rc4+ 54. Ke3 Rg5 55. Ra4 Rxc7 
56. Bxc7 Rxf5 57. Rxh4 Kf7 58. Bf4 Rb5 59. Ke4 Ke6 60. Rh6+ Kd7 61. Be3 Kc7 
62. Bd4 Kb7 63. Be5 Kc8 64. Rh7 Rb7 65. Rh1 Rb5 66. Rh8+ Kb7 67. Rg8 Kc6 
68. Rc8+ 1/2-1/2

[Event "Monday 09 April, Rapid Engine Tour 13+2 Rds 7, starts 16.00 ST"]
[Site "Infinity Chess"]
[Date "2018.4.9"]
[Round "1"]
[White "SkyPilot"]
[Black "angriff"]
[Result "0-1"]
[ECO "E10"]
[WhiteElo "2470"]
[BlackElo "2360"]
[WhiteEngine "stockfish_x64_bmi2_2018_04_07_CTG"]
[BlackEngine "DracoREX 3.07 64BIT POPCNT_CTG"]
[EventType "Swiss"]
[WhiteTeam ""]
[BlackTeam ""]
[PlyCount "94"]
[TimeControl "780+2"]

1. d4 Nf6 2. c4 e6 3. Nf3 d5 4. Nc3 c6 5. Bg5 h6 6. Bh4 dxc4 7. e4 g5 8. Bg3 b5 
9. Be2 Bb7 10. h4 g4 11. Ne5 Nbd7 12. Nxd7 Qxd7 13. Be5 Qd8 14. O-O Rg8 
15. g3 a6 16. Re1 Bb4 17. Qc2 Qe7 18. Rad1 h5 19. Qc1 Nd7 20. Qh6 O-O-O 
21. Qxh5 c5 22. d5 exd5 23. Bxg4 Rxg4 24. Qxg4 Qxe5 25. exd5 f5 26. Qg5 Qh8 
27. Re3 Rf8 28. Re6 Bxc3 29. bxc3 f4 30. Rde1 fxg3 31. fxg3 b4 32. Re7 Qf6 
33. Qxf6 Rxf6 34. h5 bxc3 35. R7e3 Rf5 36. Rxc3 Rxh5 37. Rxc4 Bxd5 38. Rh4 Rf5 
39. g4 Rf4 40. Rf1 Rd4 41. Kf2 c4 42. Rh3 Rxg4 43. Rd1 Bc6 44. Ke3 Ne5 
45. Rd4 Rg1 46. Kf4 Re1 47. Ra3 Kb7 0-1